[Event "Finnish Women Championship 2022"]
[Site "Helsinki"]
[Date "2022.04.15"]
[Round "1.2"]
[White "Nazarova, Anastasia"]
[Black "Soboleva, Lidiia"]
[Result "1-0"]
[ECO "B33"]
[WhiteElo "2222"]
[BlackElo "1068"]
[Annotator "TA"]
[PlyCount "77"]
[EventDate "2022.04.15"]
[EventType "tourn"]
[EventCountry "FIN"]
[SourceTitle "playchess.com"]
[Source "ChessBase"]
[SourceQuality "1"]
[TimeControl "40/5400+30:1800+30"]

1. e4 c5 2. Nf3 Nc6 3. d4 cxd4 4. Nxd4 e5 5. Nb5 d6 6. N1c3 a6 7. Na3 Nf6 8. Bg5 Be7 9. Bxf6 Bxf6 10. Nc4 $1 {[%emt 0:00:24][%mdl 4] now scores much better than the old 10.Nd5.} Nd4 11. Nd5 b5 (11... Bg4 $2 12. Qxg4 Nxc2+ 13. Kd1 Nxa1 14. Ncb6 $18) 12. Nce3 {[%emt 0:01:38] Pair of Knights! B33: Sicilian: Pelikan and Sveshnikov Variations.} (12. Ncb6 $16 Rb8 13. Nxc8 Qxc8 14. c3) 12... Bb7 13. c3 Ne6 14. a4 {[%emt 0:03:22] [#] &Bianco is more active. White is better.} Bc6 $146 ({Black should play} 14... Bxd5 $14 15. Nxd5 O-O) ({Predecessor:} 14... Nc5 15. axb5 Nxe4 16. bxa6 Bc6 17. Qf3 Nc5 18. Nxf6+ {1-0 (19) Meribanov,V (2408)-Punko,A (1699) Minsk 2020}) 15. Nxf6+ gxf6 {[%emt 0:01:44] [#]} 16. axb5 $1 axb5 17. Rxa8 Qxa8 18. Qxd6 {[%emt 0:03:54] And now Be2 would win.} Qb7 $2 (18... Qa1+ 19. Nd1 Qa6) 19. Ng4 $18 Bd7 20. Nxf6+ Kd8 21. Qxe5 Qc7 (21... Bc6 $142 22. Nd5 Re8) 22. Nxd7 Qxe5 23. Nxe5 Rf8 24. Bxb5 Nc5 25. f3 f6 26. Nc6+ Kc7 27. Nd4 Kd6 28. Kd2 Rg8 29. g4 Rg5 30. Ke3 h5 31. b4 {[%emt 0:00:55] White threatens Nf5+ and mate.} Ne6 32. Nxe6 Kxe6 {[%emt 0:00:24][%mdl 4096] Endgame KRB-KR} 33. Bc4+ Kd6 34. h4 Rg7 35. gxh5 Rh7 36. Rd1+ Ke7 37. b5 {[%emt 0:00:33][%cal Bb4b5,Bb5b6,Bb6b7][%mdl 32] White mates.} Rxh5 38. b6 Rc5 {[%emt 0:00:29] [#]} 39. b7 $1 {[%emt 0:00:11] Black did not feel at home in the position after the opening.  Weighted Error Value: White=0.25 (precise) /Black=1.06} 1-0

[Event "Finnish Women Championship 2022"]
[Site "Helsinki"]
[Date "2022.04.15"]
[Round "1.3"]
[White "Ivanaynen, Natalia"]
[Black "Lehtinen, Helja"]
[Result "*"]
[ECO "A36"]
[WhiteElo "1611"]
[BlackElo "1907"]
[Annotator "NA RC"]
[PlyCount "68"]
[EventDate "2022.04.15"]
[EventType "tourn"]
[EventCountry "FIN"]
[SourceTitle "playchess.com"]
[Source "ChessBase"]
[SourceQuality "1"]
[TimeControl "40/5400+30:1800+30"]

1. c4 c5 2. Nc3 Nc6 3. g3 g6 4. Bg2 Bg7 5. Nf3 e6 6. e4 Nge7 7. O-O O-O 8. d3 d6 9. Be3 Nd4 10. Qd2 Re8 11. Bh6 Nxf3+ 12. Bxf3 Bh8 13. Rab1 Nc6 14. Bg2 Rb8 15. Bf4 a6 16. a3 Nd4 17. b4 cxb4 18. axb4 b5 19. Ne2 Bb7 20. Nxd4 Bxd4 21. c5 e5 22. Be3 dxc5 23. Bxd4 cxd4 24. f4 Rc8 25. fxe5 Rxe5 26. Qf4 Qe7 27. Bh3 Rc2 28. Rfc1 Rxc1+ 29. Rxc1 g5 30. Qf3 Qd6 31. Bf5 Re7 32. Qh5 h6 33. Rc5 Kg7 34. Qg4 Rc7 *

[Event "Finnish Women Championship 2022"]
[Site "Helsinki"]
[Date "2022.04.15"]
[Round "1.4"]
[White "Ivanaynen, Natalia"]
[Black "Lehtinen, Helja"]
[Result "0-1"]
[ECO "E61"]
[WhiteElo "1611"]
[BlackElo "1907"]
[Annotator "TA"]
[PlyCount "56"]
[EventDate "2022.04.15"]
[EventType "tourn"]
[EventCountry "FIN"]
[SourceTitle "playchess.com"]
[Source "ChessBase"]
[SourceQuality "1"]
[TimeControl "40/5400+30:1800+30"]

1. c4 Nf6 2. d4 g6 3. Bf4 Bg7 4. Nc3 d6 5. Qd2 h6 6. h3 {[%emt 0:01:16] E61: King's Indian: Early deviations for White, including Smyslov System.} Nbd7 7. Nf3 {[%emt 0:00:24] [#] Against e5} g5 $146 ({Predecessor:} 7... Nh5 8. Bh2 O-O 9. g4 Nhf6 10. Bf4 Kh7 11. O-O-O a6 12. Bg2 Qe8 13. g5 hxg5 14. Nxg5+ {1-0 (27) Walach,M (2367)-Szczepkowska,K (2310) Pszczyna 2007}) 8. Bh2 {[%emt 0:02:09] White is slightly better.} Nf8 9. e3 Bf5 10. Bd3 Bxd3 11. Qxd3 Ng6 12. O-O Qd7 13. Ne4 g4 14. Nxf6+ Bxf6 15. hxg4 Qxg4 16. c5 O-O 17. Rac1 Kh8 18. Ne1 Rg8 19. f3 Qh5 20. Rc2 Rg7 21. g4 Qh3 22. Rg2 {[%emt 0:08:15] [#] Hoping for Rg3.} Bh4 {[%emt 0:03:54] Inhibits Rg3. aiming for ...Bxe1.} 23. Qe2 {[%emt 0:16:11] And now Nd3 would win.} Rag8 24. f4 $2 {[%emt 0:02:15][%mdl 8192] This costs White the game.} (24. cxd6 $14 {keeps the upper hand.} exd6 25. e4) 24... Bxe1 $19 25. Rxe1 $2 (25. Rf3 Qh4 26. Kf1) 25... Nh4 $1 26. Rg3 Rxg4 {[%emt 0:00:24] Black mates.} 27. Rxg4 Rxg4+ (27... Qxg4+ $2 {perishes.} 28. Qxg4 Rxg4+ 29. Kf1 $19) 28. Kh1 Rg2 {[%emt 0:00:32] Weighted Error Value: White=0.70/Black=0.08 (flawless)} 0-1

[Event "Finnish Women Championship 2022"]
[Site "Helsinki"]
[Date "2022.04.17"]
[Round "3.2"]
[White "Ivanaynen, Natalia"]
[Black "Nazarova, Anastasia"]
[Result "0-1"]
[ECO "D02"]
[WhiteElo "1611"]
[BlackElo "2222"]
[Annotator "TA"]
[PlyCount "94"]
[EventDate "2022.04.15"]
[EventType "tourn"]
[EventCountry "FIN"]
[SourceTitle "playchess.com"]
[Source "ChessBase"]
[SourceQuality "1"]
[TimeControl "40/5400+30:1800+30"]

1. d4 d5 2. Nf3 Nf6 3. c3 c5 4. dxc5 a5 5. c4 {[%emt 0:01:05] [#]} Nc6 $146 ({Predecessor:} 5... e6 6. Nc3 Bxc5 7. cxd5 Nxd5 8. Nxd5 exd5 9. g3 Qb6 10. e3 Nc6 11. Bg2 d4 12. exd4 Nxd4 {1-0 (39) Tabatabaei,M (2623)-Pourkashiyan,A (2322) Chess.com INT 2022}) 6. cxd5 {[%emt 0:04:08] D02: 1 d4 d5 2 Nf3 sidelines, including 2...Nf6 3 g3 and 2...Nf6 3 Bf4.} Qxd5 7. Qxd5 Nxd5 8. e4 {[%emt 0:00:06] White is slightly better.} Ndb4 {[%emt 0:07:10] [#] White must now prevent ...Nc2+.} 9. Na3 {[%emt 0:02:33] Inhibits Nc2+.} Bg4 10. Be3 O-O-O 11. Be2 Bxf3 12. gxf3 e5 13. Bc4 Nd4 14. Bxd4 exd4 15. O-O Bxc5 16. Bxf7 (16. Rad1 $11) 16... Rhf8 {[%emt 0:04:25] Black continues to play with concentration.} 17. Be6+ Kb8 {[%emt 0:00:07] &Nero is more active.} 18. Kg2 (18. Nc4 $15) 18... Nd3 $19 19. Bb3 (19. Bc4 $142 Nxb2 20. Nb5) 19... a4 ({Worse is} 19... Nxb2 20. Nc4 Nxc4 21. Bxc4 $17) 20. Bd1 Nxb2 21. Nb1 a3 22. Nd2 Rd6 23. Nb3 Bb6 24. Rc1 (24. Rg1 $142) 24... d3 25. Nd2 (25. Ra1 $142) 25... Rg6+ 26. Kh1 Bc7 {[%emt 0:01:18] [#] Threatens to win with ...Bf4.} ({Not} 26... Ba5 $2 27. Nb3 Bb6 28. Ra1 $19) 27. Rg1 $2 (27. e5) 27... Rxg1+ 28. Kxg1 Bf4 29. Rc3 Bxd2 30. Rxa3 Rd8 31. Bb3 Bb4 32. Ra4 Nxa4 33. Bxa4 Rc8 34. Kg2 Rc1 35. f4 d2 36. Kg3 d1=Q 37. Bxd1 Rxd1 38. Kg4 Kc7 {[%emt 0:00:08] ( -> ...Ra1)} 39. f3 Ra1 {[%emt 0:00:12] Black mates.} 40. e5 Rxa2 41. h4 Bd2 42. f5 b5 43. e6 b4 44. f4 b3 45. Kg5 b2 46. f6 b1=Q 47. f7 Qg6# {[%emt 0:00:11] Weighted Error Value: White=0.93/Black=0.11 (very precise)} 0-1

[Event "Finnish Women Championship 2022"]
[Site "Helsinki"]
[Date "2022.04.17"]
[Round "3.4"]
[White "Rinne, Heini"]
[Black "Lehtinen, Helja"]
[Result "1/2-1/2"]
[ECO "A01"]
[WhiteElo "1847"]
[BlackElo "1907"]
[Annotator "TA"]
[PlyCount "68"]
[EventDate "2022.04.15"]
[EventType "tourn"]
[EventCountry "FIN"]
[SourceTitle "playchess.com"]
[Source "ChessBase"]
[SourceQuality "1"]
[TimeControl "40/5400+30:1800+30"]

1. b3 Nf6 2. Bb2 g6 3. e3 Bg7 4. c4 O-O 5. Nc3 c6 6. Nf3 {[%emt 0:05:48] A01: Nimzowitsch-Larsen Opening.} d6 (6... Ne4 $5) 7. Be2 e5 8. d4 {[%emt 0:13:44] [#]} Qe7 $146 ({Predecessor:} 8... e4 9. Nd2 Re8 10. g4 h6 11. Rg1 a6 12. Qc2 d5 13. O-O-O b5 14. c5 Nh7 {0-1 (48) Vainerchuk,B (1997)-Klachkou,P (1992) Minsk 2022}) 9. dxe5 ({White should play} 9. O-O $11) 9... dxe5 $15 10. O-O Bg4 {[%emt 0:07:57] [#]} (10... e4 $15 11. Nd2 Rd8) 11. Qc2 (11. Nxe5 $1 $14 Rd8 12. Qc1 (12. Nxg4 Rxd1 13. Nxf6+ Bxf6 $15) 12... Qxe5 {[#]} 13. Nd5 $1 Qxd5 14. cxd5 Bxe2 15. Re1) 11... Na6 12. Rad1 Rad8 (12... Nb4 $5 13. Ba3 a5 $11) 13. Rxd8 Rxd8 14. Rd1 Ne8 15. a3 f5 16. e4 Nc5 17. h3 {[%emt 0:08:58] And now Rxd8 would win.} Bxf3 18. Bxf3 f4 19. b4 Ne6 20. Rxd8 Qxd8 21. Qd1 Nd4 22. c5 Nc7 23. Be2 Nxe2+ 24. Qxe2 a6 25. Qd1 (25. Na4 $14) 25... Qxd1+ $11 26. Nxd1 {[%emt 0:00:01][%mdl 4096] Endgame KBN-KBN} Ne6 27. Kf1 g5 28. Ke2 h5 29. Kd3 Kf7 30. Bc3 Ke7 31. Nb2 Nd8 32. Nc4 Ke6 33. Nd6 {[%emt 0:02:19] White is more active.} (33. g3 $16) 33... Bf8 34. Nc4 Bg7 {[%emt 0:00:36] Weighted Error Value: White=0.18 (very precise) /Black=0.18 (very precise)} 1/2-1/2

[Event "Finnish Women Championship 2022"]
[Site "Helsinki"]
[Date "2022.04.18"]
[Round "4.1"]
[White "Soboleva, Lidiia"]
[Black "Norlamo, Sarabella"]
[Result "0-1"]
[ECO "C56"]
[WhiteElo "1068"]
[BlackElo "1957"]
[Annotator "TA"]
[PlyCount "76"]
[EventDate "2022.04.15"]
[EventType "tourn"]
[EventCountry "FIN"]
[SourceTitle "playchess.com"]
[Source "ChessBase"]
[SourceQuality "1"]
[TimeControl "40/5400+30:1800+30"]

1. e4 e5 2. Nf3 Nc6 3. d4 exd4 4. Bc4 Nf6 5. e5 d5 6. Bb5 Ne4 7. Nxd4 Bd7 8. Bxc6 bxc6 9. O-O Bc5 10. Be3 Rb8 {[%emt 0:02:17] C56: Two Knights: 4 d4 exd4 5 0-0 Nxe4.} ({Better is} 10... Qe7 $11) 11. f3 Ng5 {[%emt 0:01:10] [#]} 12. Kh1 $146 ({Predecessor:} 12. Qd2 Ne6 13. c3 Bxd4 14. cxd4 c5 15. dxc5 Bb5 16. Rd1 c6 17. Nc3 Ba6 18. f4 Qe7 19. b4 {0-1 (35) Sahl,B (2348)-Makarenko,A (2252) Chess.com INT 2015}) 12... Bb6 {[%emt 0:09:00] The position is equal.} 13. Nd2 O-O (13... c5 $5 14. Ne2 Ne6 $11) 14. f4 Ne6 15. N2b3 Nxd4 16. Nxd4 (16. Bxd4 $11 Bf5 17. Qd2) 16... f6 17. Qh5 (17. a4 $11) 17... fxe5 (17... Qe8 $17 18. Qxe8 Rfxe8) 18. fxe5 $15 Qe7 {[%emt 0:03:10] Prevents e6.} 19. Rxf8+ (19. e6 $1 $11 {keeps the balance.} Bxd4 20. Bxd4 Bxe6 21. Qe5) 19... Qxf8 ({Black should try} 19... Rxf8 $17 20. Re1 c5) 20. a3 (20. e6 $1 $11 Bxd4 21. Bxd4 Bxe6 22. Qe5) 20... Bxd4 21. Bxd4 c5 22. Bc3 {[%emt 0:03:12] This move loses the game for White.} (22. Bg1 $17 {was worth a try.}) 22... d4 $19 23. Ba5 Rxb2 24. Bxc7 $2 (24. Kg1) 24... Rxc2 {[%emt 0:11:20] [#] aiming for ...Bc6.} 25. Bd6 (25. Rg1 $142 Qf5 26. e6 Qxe6 27. h3) 25... Qf4 26. Qd1 d3 {[%emt 0:02:45][%cal Od7h3] ( -> ...Bh3!)} 27. Qf1 Qf5 {[%emt 0:04:18] ...d2 is the strong threat.} 28. Qd1 Bc6 29. Qf1 Qxf1+ 30. Rxf1 Bxg2+ 31. Kg1 {[%emt 0:00:12][%csl Gd6][%cal Rf1f8] [#]} Bxf1 {[%emt 0:00:08] Black mates.} 32. Kxf1 {[%emt 0:00:12] KR-KB} Kf7 33. h4 Ke6 34. Ke1 Rc4 35. Kd2 Rxh4 36. Kxd3 Rd4+ 37. Ke3 Rxd6 38. exd6 Kxd6 {[%emt 0:00:07] Weighted Error Value: White=0.70/Black=0.18 (very precise)} 0-1

[Event "Finnish Women Championship 2022"]
[Site "Helsinki"]
[Date "2022.04.18"]
[Round "4.2"]
[White "Lehtinen, Helja"]
[Black "Dannenberg, Alia"]
[Result "1-0"]
[ECO "D85"]
[WhiteElo "1907"]
[BlackElo "1896"]
[Annotator "TA"]
[PlyCount "67"]
[EventDate "2022.04.15"]
[EventType "tourn"]
[EventCountry "FIN"]
[SourceTitle "playchess.com"]
[Source "ChessBase"]
[SourceQuality "1"]
[TimeControl "40/5400+30:1800+30"]

1. d4 Nf6 2. c4 g6 3. Nc3 d5 4. cxd5 Nxd5 5. Bd2 Bg7 6. e4 Nb6 7. Be3 Nc6 8. d5 {[%emt 0:06:24] 8.Bb5 is more advanced technology. D85: Exchange Grünfeld: Unusual White 7th moves and lines with 7 Nf3.} Na5 (8... Ne5 $14 {might be stronger.}) 9. Bd4 $16 f6 (9... Bf6 $142) 10. Bxb6 {[%emt 0:05:23] &Bianco is more active. White is clearly better.} axb6 11. b4 f5 12. Rc1 fxe4 13. bxa5 {[%emt 0:02:50] [#]} O-O $146 ({Predecessor:} 13... Rxa5 14. Bc4 Bf5 15. Nge2 Qd6 16. O-O Bh6 17. Nb5 Qc5 18. Nxc7+ Kf8 19. Ne6+ Bxe6 20. dxe6 Bxc1 21. Qxc1 {1-0 (40) Hausrath,D (2390)-Ladanyi,T (2160) Budapest 1996}) 14. Nxe4 {[%emt 0:14:20] Black must now prevent Qb3.} Rf4 (14... Bf5 $16) 15. Bd3 $18 Bh6 16. Ne2 Rg4 17. O-O Bxc1 18. Qxc1 ({Not} 18. Nxc1 Qxd5 19. axb6 cxb6 $18) 18... Bf5 19. f3 Bxe4 20. Bxe4 Rh4 21. g3 Rh5 22. Nf4 Re5 23. axb6 cxb6 24. Qb2 Qd6 25. Ne6 Rc8 26. Rc1 Rxc1+ 27. Qxc1 {[%emt 0:00:10] [#] Intending Qc8+ and mate.} Rxd5 28. Bxd5 ({Less strong is} 28. Qc8+ Kf7 $18) 28... Qxd5 29. Qe3 ({Weaker is} 29. Qc8+ Kf7 30. Nf4 Qc5+ 31. Qxc5 bxc5 $18) 29... Qxa2 30. Qe5 {[%emt 0:00:21][%csl Ge6][%cal Re5g7] Against Qd5} Kf7 {[%emt 0:01:00] [#]} (30... Qb1+ 31. Kf2 Qc2+ 32. Ke3 Qc1+ 33. Ke4 Qc2+ 34. Kf4 Qa4+ 35. Qe4 Qd7) 31. Ng5+ (31. Qg7+ $142 Kxe6 32. Qg8+ Kd6 33. Qxa2) 31... Ke8 32. Qb8+ Kd7 33. Qxb7+ Ke8 34. Qc8# {[%emt 0:08:33] Black got outplayed after the opening.  Weighted Error Value: White=0.13 (very precise) /Black=0.61} 1-0

[Event "Finnish Women Championship 2022"]
[Site "Helsinki"]
[Date "2022.04.18"]
[Round "4.3"]
[White "Sippola, Sara-Olivia"]
[Black "Rinne, Heini"]
[Result "1-0"]
[ECO "B00"]
[WhiteElo "1531"]
[BlackElo "1847"]
[Annotator "NA RC"]
[PlyCount "123"]
[EventDate "2022.04.15"]
[EventType "tourn"]
[EventCountry "FIN"]
[SourceTitle "playchess.com"]
[Source "ChessBase"]
[SourceQuality "1"]
[TimeControl "40/5400+30:1800+30"]

1. e4 Nc6 2. Nf3 d6 3. d4 Nf6 4. Nc3 g6 5. Bg5 Bg7 6. Qd2 h6 7. Bf4 ({Better is} 7. Bh4 $14) 7... Bg4 8. d5 Nb8 9. Nd4 c5 {[%emt 0:02:41] [#]} 10. dxc6 ({Don't play} 10. Bb5+ $6 Bd7 11. Bxd7+ Nbxd7 $11) (10. Nb3 $1 $16) 10... Nxc6 11. Nxc6 bxc6 12. f3 Be6 13. e5 {[%emt 0:04:30] [#]} Nh5 $1 14. exd6 Nxf4 15. d7+ Qxd7 16. Qxf4 Qd6 17. Qxd6 exd6 18. O-O-O Bxc3 19. bxc3 Ke7 20. Ba6 Rab8 21. Rhe1 Kd7 (21... Rb6 $5 22. Bd3 Rhb8 $15) 22. a4 Kc7 23. a5 Rhd8 24. g4 d5 25. Re3 c5 26. Be2 g5 (26... c4 $5 ) 27. h4 (27. f4 $11 {feels stronger.}) 27... Kd6 28. Bd3 Kc6 (28... Rh8 $15) 29. Re5 c4 30. Bf5 gxh4 31. Rh1 Kd6 32. f4 Rb5 33. Rxh4 Bxf5 (33... Rh8 $11) 34. Rxf5 Ke7 35. Re5+ Kd7 36. a6 (36. Rxh6 $18 Rxa5 37. Kd2) 36... Rg8 37. Rxh6 Rxg4 38. Rf6 Rg7 39. Kd2 Kc7 40. Re7+ Kb8 41. Rd6 Rg8 42. Rxf7 Rb6 43. Rxb6+ axb6 44. Rb7+ Ka8 45. Rxb6 Rg2+ 46. Kc1 Rg3 47. f5 Ka7 48. Rd6 Rxc3 49. Kd2 Rf3 50. Rxd5 Kxa6 51. Ke2 Rf4 52. Ke3 Rf1 53. Ke4 Kb6 54. Rd6+ Kc5 55. Rd2 Kb4 56. Ke5 Kc3 57. Re2 Rc1 58. f6 Rxc2 59. Rxc2+ Kxc2 60. f7 Kb2 61. f8=Q c3 62. Qb4+ 1-0

[Event "Finnish Women Championship 2022"]
[Site "Helsinki"]
[Date "2022.04.19"]
[Round "5.3"]
[White "Rinne, Heini"]
[Black "Nazarova, Anastasia"]
[Result "0-1"]
[ECO "A06"]
[WhiteElo "1847"]
[BlackElo "2222"]
[Annotator "TA"]
[PlyCount "68"]
[EventDate "2022.04.15"]
[EventType "tourn"]
[EventCountry "FIN"]
[SourceTitle "playchess.com"]
[Source "ChessBase"]
[SourceQuality "1"]
[TimeControl "40/5400+30:1800+30"]

1. b3 d5 2. Bb2 c5 3. e3 Nf6 4. Nf3 Nc6 5. Bb5 Bg4 6. h3 Bxf3 {[%emt 0:01:18] A06: Réti Opening: 1 Nf3 d5.} 7. Bxc6+ bxc6 8. Qxf3 Qc7 (8... e6 $11) 9. d3 e5 10. Qg3 Nd7 {[%emt 0:00:30] [#]} 11. Nd2 $146 ({Predecessor:} 11. O-O f6 12. c4 Nb6 13. e4 Bd6 14. cxd5 cxd5 15. Nc3 O-O 16. exd5 Qb7 17. Qf3 {1-0 (53) Toledano Llinares,J (2338)-Alarcia Astiz,C (2091) Cullera 2005}) 11... g6 12. O-O Bg7 13. e4 O-O 14. Qf3 f5 15. Qe2 ({Not} 15. exd5 $2 e4 16. dxe4 Bxb2 $19) 15... Rae8 16. c4 Qd6 17. Rad1 Nf6 18. Ba3 Rf7 19. Nf3 Nh5 20. Bc1 Qd7 21. Qc2 fxe4 22. Nh2 {[%emt 0:04:48][%mdl 8192] [#]} (22. dxe4 $11 {and White stays safe.} Rxf3 23. gxf3 Qxh3 24. cxd5) 22... exd3 $19 23. Qxd3 e4 24. Qe2 d4 25. Ng4 (25. Qg4 $142) 25... Nf4 26. Bxf4 Rxf4 27. Qd2 Rff8 28. Qa5 (28. Rfe1 $142) 28... h5 29. Ne3 Qe7 30. Nc2 d3 31. Ne3 Bd4 {[%emt 0:00:05] aiming for ...Rf7.} 32. Qd2 Qg5 {[%emt 0:00:21][%cal Of8f2] ...Rxf2! is the strong threat.} 33. a3 {[%emt 0:00:59] [#]} Rxf2 $3 34. Rxf2 (34. Qxf2 Bxe3) 34... Bxe3 {[%emt 0:00:06] Weighted Error Value: White=0.72/Black=0.11 (very precise)} 0-1

[Event "Finnish Women Championship 2022"]
[Site "Helsinki"]
[Date "2022.04.19"]
[Round "5.4"]
[White "Dannenberg, Alia"]
[Black "Sippola, Sara-Olivia"]
[Result "0-1"]
[ECO "B33"]
[WhiteElo "1896"]
[BlackElo "1531"]
[Annotator "NA RC"]
[PlyCount "76"]
[EventDate "2022.04.15"]
[EventType "tourn"]
[EventCountry "FIN"]
[SourceTitle "playchess.com"]
[Source "ChessBase"]
[SourceQuality "1"]
[TimeControl "40/5400+30:1800+30"]

1. e4 c5 2. Nf3 Nc6 3. d4 cxd4 4. Nxd4 Nf6 5. Nc3 e5 6. Ndb5 d6 7. Bg5 a6 8. Na3 b5 9. Bxf6 gxf6 10. Nd5 $1 f5 11. exf5 Bxf5 12. c3 Be6 13. Nc2 Bg7 $1 14. Nce3 $11 Rb8 15. Qf3 Ne7 16. Nf6+ Bxf6 17. Qxf6 Ng6 18. Qxd8+ Kxd8 19. Rd1 Kc7 20. Nd5+ Bxd5 21. Rxd5 Kc6 22. Rd2 d5 23. g3 e4 24. Bh3 (24. Be2 $11) 24... Ne5 25. Ke2 Nf3 26. Rc2 b4 27. Bg2 bxc3 28. Bxf3 Rxb2 29. Bxe4 dxe4 30. Rhc1 Kd5 31. Ke3 Rxc2 32. Rxc2 Rc8 33. g4 Kc4 34. g5 Rb8 35. Kxe4 Re8+ 36. Kf5 Kd3 37. Rc1 Kd2 38. Rb1 c2 0-1

[Event "Finnish Women Championship 2022"]
[Site "Helsinki"]
[Date "2022.04.19"]
[Round "5.5"]
[White "Norlamo, Sarabella"]
[Black "Lehtinen, Helja"]
[Result "1-0"]
[ECO "E73"]
[WhiteElo "1957"]
[BlackElo "1907"]
[Annotator "TA"]
[PlyCount "99"]
[EventDate "2022.04.15"]
[EventType "tourn"]
[EventCountry "FIN"]
[SourceTitle "playchess.com"]
[Source "ChessBase"]
[SourceQuality "1"]
[TimeControl "40/5400+30:1800+30"]

1. d4 Nf6 2. c4 g6 3. Nc3 Bg7 4. e4 d6 5. Be2 O-O 6. Be3 e5 7. d5 Nbd7 8. g4 {[%emt 0:01:52] &Bianco is more active.} Nc5 {[%emt 0:02:57] E73: King's Indian: Averbakh Variation without 6...c5.} 9. f3 Ne8 {[%emt 0:03:43] [#]} 10. Qd2 $146 ({Predecessor:} 10. h4 f5 11. g5 fxe4 12. fxe4 Rf4 13. Bxf4 exf4 14. Qd2 a6 15. Nf3 b5 16. Qxf4 {½-½ (89) Ganguly,S (2650)-Melkumyan,H (2633) Riadh 2017}) 10... f5 {[%emt 0:10:28] White is slightly better.} 11. gxf5 gxf5 12. Bg5 {[%emt 0:09:03] Prevents Qh4+.} (12. h4 $14) 12... Nf6 $11 13. b4 Na6 14. a3 f4 15. Bd3 Qe8 16. Qf2 h6 17. Bh4 Qh5 18. Bxf6 ({Better is} 18. O-O-O $14) 18... Bxf6 $15 19. O-O-O Kh7 20. Nge2 Bh3 {[%emt 0:06:29] White must now prevent ...Bh4.} 21. Ng1 {[%emt 0:03:32] [#]} Bh4 $1 22. Qc2 Bd7 23. Rd2 Rg8 24. Nb1 Raf8 25. Rg2 Rxg2 26. Qxg2 Rg8 27. Qf1 Be7 28. Nd2 Nb8 29. Qf2 b6 30. Ne2 {[%emt 0:00:35] [#]} (30. Kc2 $15) 30... Bh3 $1 $17 31. Nc3 Bh4 32. Qe2 a6 33. Bc2 (33. Kc2 $17 {was called for.}) 33... Rg2 34. Qd3 Qg5 (34... Bf2 $19 35. Nd1 Bg1) 35. Ne2 (35. Kb2 $17) 35... Rf2 (35... Bf2 $19 {Threatens to win with ...Be3.} 36. Kb1 Nd7) 36. Rg1 {[%emt 0:00:41] [#]} Qh5 {[%emt 0:00:50][%mdl 8192] [#]} (36... Qf6 $1 $17 {keeps the pressure on.} 37. Nd4 Nd7) 37. Nxf4 $1 $18 {[%emt 0:00:50][%mdl 512] White is clearly winning.} exf4 (37... Rxd2 38. Nxh5) 38. e5+ $1 Bf5 39. Qxf5+ Qxf5 40. Bxf5+ Kh8 41. exd6 cxd6 42. Be6 Rxh2 43. Rg8+ Kh7 44. Rxb8 Bf2 45. Ne4 Be3+ 46. Kb1 Rh1+ 47. Ka2 {[%emt 0:02:31] And now Bf5+ would win.} Bd4 48. Bf5+ Kg7 49. Rb7+ Kf8 50. Nxd6 {[%emt 0:00:34] Quite a comeback for White.  Weighted Error Value: White=0.25 (precise) /Black=0.40} 1-0

[Event "Finnish Women Championship 2022"]
[Site "Helsinki"]
[Date "2022.04.20"]
[Round "6.1"]
[White "Soboleva, Lidiia"]
[Black "Lehtinen, Helja"]
[Result "1/2-1/2"]
[ECO "B40"]
[WhiteElo "1068"]
[BlackElo "1907"]
[Annotator "TA"]
[PlyCount "56"]
[EventDate "2022.04.15"]
[EventType "tourn"]
[EventCountry "FIN"]
[SourceTitle "playchess.com"]
[Source "ChessBase"]
[SourceQuality "1"]
[TimeControl "40/5400+30:1800+30"]

1. e4 c5 2. Nf3 e6 3. d4 cxd4 4. Nxd4 Nf6 5. Bd3 Nc6 6. Nf3 d5 7. exd5 {[%emt 0:01:31] B40: Sicilian: 2...e6, Unusual lines.} Nxd5 8. O-O Bd6 {[%emt 0:04:08] [#]} 9. b3 $146 {[%emt 0:08:07] White has an edge.} ({Predecessor:} 9. Nbd2 O-O 10. Ne4 Bc7 11. Bg5 f6 12. Bd2 e5 13. Bc4 Kh8 14. h3 Bf5 15. Ng3 Bg6 16. Bb3 Nde7 17. Qe2 Nd4 18. Nxd4 Qxd4 19. Be3 Qxb2 {0-1 (19) Martinez Paipa,H (1797)-Florez,S (1667) Pereira 2019}) 9... O-O 10. Bb2 {[%emt 0:05:57] Inhibits Qf6.} Nf4 11. h4 (11. Bc4 $11) 11... Be7 (11... e5 $17) 12. g3 (12. Be4 $11 {remains equal.}) 12... Nxd3 $17 13. cxd3 Nb4 (13... b6 $142 14. Qe2 Bb7) 14. d4 b6 {[%emt 0:02:38] Hoping for ...Ba6.} 15. Nc3 (15. a3 $17 {was called for.} Nd5 16. Nbd2) 15... Bb7 16. Ne5 Nd5 (16... Rc8 $142 17. Qg4 Nd5) 17. Rc1 (17. Qf3 $142) 17... Nxc3 18. Rxc3 Qd5 {[%emt 0:00:35][%csl Gb7][%cal Rd5h1] [#] Prevents Nc6.} 19. Qf3 {[%emt 0:01:39] Against Qh1+} Qxf3 20. Nxf3 Bxf3 (20... Bb4 {is more complex.} 21. Rc4 Ba5 22. Ne5 Ba6) 21. Rxf3 Rfd8 (21... Rac8 $15) 22. Rc1 $11 Rd7 23. Rfc3 Rad8 24. Rc7 f6 25. R1c6 Kf7 26. Rc8 Rxc8 27. Rxc8 Bd6 28. f4 Rc7 {[%emt 0:02:41] Whites escaped into a draw.  Weighted Error Value: White=0.33/Black=0.19 (very precise)} 1/2-1/2